 Dungeon Crawl Stone Soup version 0.26-a0-682-g294304f6e8 (webtiles) character file.

Game seed: 3469826194050646349

17498 DogServant the Impaler (level 12, -4/97 HPs)
             Began as a Merfolk Gladiator on Oct 20, 2020.
             Was an Elder of Wu Jian.
             Slain by a yak (11 damage)
             ... on level 1 of the Lair of Beasts.
             The game lasted 00:48:12 (18083 turns).

DogServant the Impaler (Merfolk Gladiator)         Turns: 18083, Time: 00:48:12

Health: -4/97      AC: 14    Str: 19    XL:     12   Next: 48%
Magic:  12/12      EV: 19    Int: 12    God:    Wu Jian [****..]
Gold:   1575       SH:  0    Dex: 22    Spells: 11/11 levels left

rFire    . . .     SeeInvis .   b - +5 spear
rCold    . . .     Faith    .   (no shield)
rNeg     . . .     Spirit   .   x - +0 scale mail
rPois    .         Reflect  .   E - +1 helmet {Int+3}
rElec    .         Harm     .   g - +1 cloak {Stlth+}
rCorr    .         Rampage  .   (no gloves)
MR       .....     Rnd*Rage +   B - +1 pair of boots
Stlth    ..........             G - amulet of the acrobat
HPRegen  0.26/turn              j - +6 ring of dexterity
MPRegen  0.13/turn              (no ring)

@: no status effects
A: change form in water, swift swim, stealthy swim, berserk 1, clever 1, sense
surroundings 1
a: Wall Jump, Serpent's Lash, Renounce Religion


You were on level 1 of the Lair of Beasts.
You worshipped Wu Jian.
Wu Jian was greatly pleased with you.
You visited 4 branches of the dungeon, and saw 15 of its levels.
You also visited: Sewer.

You collected 1575 gold pieces.

Inventory:

Hand Weapons
 a - a +1 trident
 b - a +5 spear (weapon)
 J - a +0 halberd
Missiles
 s - 58 poisoned darts (quivered)
Armour
 g - a +1 cloak of stealth (worn)
 x - a +0 scale mail (worn)
 B - a +1 pair of boots (worn)
 E - a +1 helmet of intelligence (worn)
Jewellery
 j - a +6 ring of dexterity (left hand)
 G - an amulet of the acrobat (around neck)
Wands
 h - a wand of flame (21)
 n - a wand of paralysis (8)
 v - a wand of iceblast (6)
 w - a wand of random effects (52)
 H - a wand of acid (10)
Scrolls
 e - 5 scrolls of fog
 f - a scroll of magic mapping
 i - a scroll of holy word {unknown}
 k - a scroll of immolation {unknown}
 l - a scroll of enchant armour
 y - 2 scrolls of remove curse
Potions
 c - 2 potions of cancellation
 d - a potion of curing
 o - 3 potions of brilliance
 p - a potion of might
 q - 2 potions of resistance
 F - a potion of flight {unknown}
 K - 3 potions of berserk rage {unknown}


   Skills:
 - Level 10.0 Fighting
 - Level 15.8 Polearms
 - Level 2.0 Throwing
 - Level 5.2 Armour
 + Level 11.5 Dodging
 - Level 9.0 Evocations


You had 11 spell levels left.
You didn't know any spells.
Your spell library contained the following spells:

 Spells                   Type           Power        Failure   Level
 Animate Skeleton         Necr           #.....       67%         1
 Apportation              Tloc           #.....       67%         1
 Corona                   Hex            #......      67%         1
 Foxfire                  Conj/Fire      #...         67%         1
 Sandblast                Erth           #.....       67%         1
 Summon Small Mammal      Summ           #...         67%         1
 Passwall                 Tmut/Erth      #.......     80%         2
 Conjure Flame            Conj/Fire      #.......     95%         3
 Inner Flame              Hex/Fire       #.......     95%         3
 Stone Arrow              Conj/Erth      #.....       95%         3
 Petrify                  Tmut/Erth      #.......     100%        4
 Sticky Flame             Conj/Fire      #.......     100%        4
 Fireball                 Conj/Fire      #.........   100%        5
 Lee's Rapid Deconstruct  Erth           #.........   100%        5


Dungeon Overview and Level Annotations

Branches:
Dungeon (11/15)            Temple (1/1) D:5            Lair (1/6) D:9
    Orc (2/2) D:10            Elf (0/3) Orc:2         Sewer (visited)

Altars:
Ashenzari
Cheibriados
Dithmenos
Elyvilon
Fedhas
Gozag
Hepliaklqana
Kikubaaqudgha
Makhleb
Nemelex Xobeh
Okawaru
Qazlal
Ru
Sif Muna
Trog
Uskayaw
Vehumet
Wu Jian
Xom
Yredelemnul
Zin
The Shining One

Shops:
D:4 *   D:9 *

Portals:
Trove: D:10 (give +6 fire dragon scales)

Annotations:
D:6 1 runed translucent door, Crazy Yiuf
D:9 exclusion: door
D:10 exclusion: oklob plant


Innate Abilities, Weirdness & Mutations

You revert to your normal form in water.
You are very nimble and swift while swimming.
You are very stealthy in the water. (Stealth+)
You tend to lose your temper in combat.
Your mind is acute. (Int +2)
You passively map a small area around you.


Message History

The black mamba is almost dead.
You hit the black mamba.
The black mamba is almost dead.
The black mamba closely misses you.
You puncture the black mamba!
You kill the black mamba!
The Council accepts your kill.
You completely miss the yak. You closely miss the yak.
The yak gores you but does no damage.
You hit the yak.
The yak is lightly wounded.
You closely miss the yak.
The yak is lightly wounded.
The yak gores you but does no damage.
You puncture the yak!
The yak is moderately wounded.
You puncture the yak!
The yak is heavily wounded.
The yak gores you!
You die...

# * , ,, .............. # * * ,,
,..........#.# # #., *
*#+#..##.......# #**... ,
###..###........##Y ##....
#...,#Y......+......+..Y ......
#....#.........Y......# ###...
#...##..YY..##.......# ##* *
#...####Y#..##....=.## P#
#######...###@######.......#
###.#.#..#.......................
.................................
#..#.............#.#.#...........
#...#.........####...#./.........
'.8.##......##.....>.##..........
##...###.#.##........#......##.#
P#...#.###.#.....#.####.. *
.#.............##.....#.. *


You could see 3 yaks.

Vanquished Creatures
  2 two-headed ogres
  A centaur zombie (D:10)
  Maurice (D:10)
  A black mamba (Lair:1)
  A gargoyle (D:10)
  A rime drake (Lair:1)
  2 cane toads (Lair:1)
  4 komodo dragons
  A tengu conjurer (D:11)
  Prince Ribbit (D:9)
  Grinder (D:4)
  Sigmund (D:2)
  A shadow (D:9)
  29 yaks
  A wyvern (D:9)
  2 basilisks (D:9)
  A steam dragon (D:10)
  Menkaure (D:5)
  A warg (Orc:1)
  Duvessa (D:5)
  7 water moccasins (Lair:1)
  4 ice beasts
  A sky beast (D:5)
  A swamp drake (D:9)
  9 orc warriors
  A phantom (D:6)
  Purgy (Sewer)
  A black bear (D:9)
  6 ogres
  A necrophage (D:6)
  An eye of draining (D:9)
  A centaur (D:9)
  A gnoll sergeant (D:8)
  6 bullfrogs
  Dowan (D:5)
  8 scorpions
  10 wights
  17 killer bees
  3 howler monkeys
  A quasit (D:8)
  3 hounds
  5 jellies
  8 orc priests
  20 orc wizards
  Ijyb (D:4)
  4 iguanas
  9 worker ants
  2 worker ant zombies
  7 gnolls
  16 adders
  A shadow imp (D:5)
  4 white imps
  4 worms
  2 dart slugs (D:1)
  5 leopard geckos
  54 orcs
  A ball python (D:2)
  6 giant cockroaches
  12 hobgoblins
  5 jackals
  A quokka (D:8)
  6 bats
  5 frilled lizards
  14 goblins
  13 kobolds
  A leopard gecko zombie (D:8)
  11 rats
355 creatures vanquished.

Vanquished Creatures (others)
  A centaur (D:10)
  3 fungi (Lair:1)
  3 plants (Lair:1)
7 creatures vanquished.

Grand Total: 362 creatures vanquished

Notes
Turn   | Place    | Note
-------+----------+-------------------------------------------
     0 | D:1      | DogServant the Merfolk Gladiator began the quest for the
                  | Orb.
     0 | D:1      | Reached XP level 1. HP: 16/16 MP: 1/1
   280 | D:1      | Reached XP level 2. HP: 23/23 MP: 2/2
   407 | D:1      | Reached skill level 5 in Polearms
   481 | D:1      | Reached XP level 3. HP: 24/29 MP: 3/3
   684 | D:1      | Found a sparkling altar of Nemelex Xobeh.
   876 | D:2      | Found a faded altar of an unknown god.
   902 | D:2      | Noticed Sigmund
   923 | D:2      | Killed Sigmund
   923 | D:2      | Reached skill level 7 in Polearms
   923 | D:2      | Reached XP level 4. HP: 36/38 MP: 4/4
   923 | D:2      | Reached XP level 5. HP: 40/43 MP: 5/5
  1127 | D:2      | Reached XP level 6. HP: 49/50 MP: 6/6
  1143 | D:2      | Reached skill level 5 in Fighting
  2066 | D:3      | Reached skill level 8 in Polearms
  2373 | D:3      | Found a sacrificial altar of Ru.
  2386 | D:3      | Reached XP level 7. HP: 50/57 MP: 7/7
  2614 | D:4      | Noticed Ijyb
  2630 | D:4      | Killed Ijyb
  2721 | D:4      | Found Qere's General Store.
  2748 | D:4      | Noticed Grinder
  2757 | D:4      | Killed Grinder
  2757 | D:4      | Reached skill level 9 in Polearms
  3389 | D:4      | Reached XP level 8. HP: 62/67 MP: 8/8
  3866 | D:5      | Entered Level 5 of the Dungeon
  3894 | D:5      | Found a glowing drain.
  3945 | Sewer    | Entered a sewer
  3995 | Sewer    | Noticed Purgy
  4004 | Sewer    | Killed Purgy
  4004 | Sewer    | Reached skill level 10 in Polearms
  4004 | Sewer    | Reached skill level 1 in Armour
  4117 | D:5      | Found a stormy altar of Qazlal.
  4221 | D:5      | Noticed Duvessa
  4222 | D:5      | Noticed Dowan
  4237 | D:5      | Killed Duvessa
  4251 | D:5      | Killed Dowan
  4712 | D:5      | Found a basalt altar of Yredelemnul.
  4945 | D:5      | Reached skill level 11 in Polearms
  5020 | D:5      | Found a staircase to the Ecumenical Temple.
  5032 | Temple   | Entered the Ecumenical Temple
  5177 | D:5      | Reached skill level 1 in Evocations
  5288 | D:5      | Found a white marble altar of Elyvilon.
  5290 | D:5      | Noticed Menkaure
  5293 | D:5      | Killed Menkaure
  5675 | D:6      | Reached XP level 9. HP: 65/72 MP: 9/9
  5729 | D:6      | Reached skill level 5 in Evocations
  6265 | D:6      | Found an ornate altar of the Wu Jian Council.
  6267 | D:6      | Found a glowing silver altar of Zin.
  6269 | D:6      | Found a snail-covered altar of Cheibriados.
  6273 | D:6      | Became a worshipper of the Wu Jian Council
  6331 | D:6      | Found a blossoming altar of Fedhas.
  6918 | D:6      | Found a runed translucent door.
  6919 | D:6      | Noticed Crazy Yiuf
  7442 | D:7      | Found a bloodstained altar of Trog.
  7524 | D:7      | Found a broken altar of Ashenzari.
  7606 | D:7      | Found a basalt altar of Yredelemnul.
  7629 | D:7      | Found a hazy altar of Hepliaklqana.
  9058 | D:8      | Reached XP level 10. HP: 73/79 MP: 10/10
  9309 | D:9      | Reached * piety under Wu Jian
  9391 | D:9      | Found a sacrificial altar of Ru.
  9468 | D:9      | Found Gozag's Platinum Reserve.
  9468 | D:9      | Found an opulent altar of Gozag.
  9499 | D:9      | Reached skill level 5 in Dodging
  9647 | D:9      | Noticed Prince Ribbit
  9660 | D:9      | Killed Prince Ribbit
  9794 | D:9      | Noticed a two-headed ogre
  9800 | D:9      | Found a sacrificial altar of Ru.
  9830 | D:9      | Killed a two-headed ogre
 10025 | D:9      | Found a radiant altar of Vehumet.
 10091 | D:9      | Reached skill level 12 in Polearms
 10896 | D:9      | Reached skill level 13 in Polearms
 10901 | D:9      | Reached ** piety under Wu Jian
 10918 | D:9      | Reached XP level 11. HP: 61/86 MP: 11/11
 11670 | D:10     | Entered Level 10 of the Dungeon
 11673 | D:10     | Found a staircase to the Orcish Mines.
 11731 | Orc:1    | Entered Level 1 of the Orcish Mines
 12121 | Orc:2    | Entered Level 2 of the Orcish Mines
 12846 | Orc:2    | Gained mutation: You are somewhat resistant to further
                  | mutation. [potion of mutation]
 12847 | Orc:2    | Lost mutation: You are somewhat resistant to further
                  | mutation. [potion of mutation]
 12847 | Orc:2    | Gained mutation: You tend to lose your temper in combat.
                  | [potion of mutation]
 12847 | Orc:2    | Gained mutation: You are clumsy. (Dex -2) [potion of
                  | mutation]
 12847 | Orc:2    | Gained mutation: You are somewhat resistant to further
                  | mutation. [potion of mutation]
 12848 | Orc:2    | Lost mutation: You are clumsy. (Dex -2) [potion of
                  | mutation]
 12848 | Orc:2    | Lost mutation: You tend to lose your temper in combat.
                  | [potion of mutation]
 12848 | Orc:2    | Lost mutation: You are somewhat resistant to further
                  | mutation. [potion of mutation]
 12848 | Orc:2    | Gained mutation: You are clumsy. (Dex -2) [potion of
                  | mutation]
 12848 | Orc:2    | Gained mutation: Your spells are a little harder to cast,
                  | but a little more powerful. [potion of mutation]
 12848 | Orc:2    | Gained mutation: Your mind is acute. (Int +2) [potion of
                  | mutation]
 12859 | Orc:2    | Found a staircase to the Elven Halls.
 13040 | Orc:2    | Noticed an ettin
 13149 | D:10     | Reached *** piety under Wu Jian
 13154 | D:10     | Lost mutation: Your spells are a little harder to cast, but
                  | a little more powerful. [potion of mutation]
 13154 | D:10     | Lost mutation: You are clumsy. (Dex -2) [potion of
                  | mutation]
 13154 | D:10     | Gained mutation: You tend to lose your temper in combat.
                  | [potion of mutation]
 13154 | D:10     | Gained mutation: You passively map a small area around you.
                  | [potion of mutation]
 13592 | D:10     | Reached skill level 10 in Fighting
 13741 | D:10     | Noticed a two-headed ogre
 13969 | D:9      | Found a staircase to the Lair.
 14514 | D:10     | Killed a two-headed ogre
 14955 | D:10     | Found a portal to a secret trove of treasure.
 14998 | D:10     | Reached skill level 14 in Polearms
 15017 | D:10     | Reached skill level 10 in Dodging
 15417 | D:10     | Found a blossoming altar of Fedhas.
 15550 | D:10     | Reached **** piety under Wu Jian
 16297 | D:10     | Noticed an oklob plant
 16428 | D:11     | Noticed Maurice
 16454 | D:10     | Killed Maurice
 16537 | D:11     | Reached XP level 12. HP: 97/97 MP: 12/12
 16746 | Lair:1   | Entered Level 1 of the Lair of Beasts
 16897 | Lair:1   | Reached skill level 15 in Polearms
 17664 | Lair:1   | Reached skill level 5 in Armour
 18083 | Lair:1   | Slain by a yak

Illustrated notes

Levels and vault maps discovered:
D:1:      dpeg_arrival_prison, layout_basic, nemelex_altar_shiori
D:2:      layout_loops_ring, chequers_ecumenical_altar_grove,
          minmay_goblin_kobold_house, uniq_sigmund
D:3:      layout_basic, nicolae_ru_great_annihilating_truth
D:4:      layout_layer_cave, serial_shops, shop, uniq_grinder, uniq_ijyb
D:5:      layout_basic, kennysheep_ying_yang, old_standard_altar, temple_green,
          gup_sewer_entry_glass, small_statue_intersection,
          minmay_misc_feat_square, kennysheep_crisscross, uniq_duvessa,
          uniq_menkaure
D:6:      layout_loops_ring, nicolae_overflow_hidden_temple, minitemple,
          uniq_crazy_yiuf_cottage
D:7:      layout_loops_corners, old_standard_altar, lemuel_crystal_altar,
          lemuel_crystal_altar, basic_altar, feat_on_display
D:8:      layout_basic
D:9:      layout_basic, kennysheep_mini, nicolae_gozag_zags_fifth_avenue,
          overflow_temple_1_default, erik_lair_dragon, basic_altar,
          evilmike_minifort, uniq_prince_ribbit1
D:10:     minmay_goldmine, layout_rooms, orc_0_dummy, enter_trove_1,
          minmay_holes, tgw_fedhas
D:11:     minmay_complete_graph, layout_gridville, uniq_maurice
Temple:   dpeg_three_leaves_temple
Lair:1:   layout_regular_city, serial_bayou_pond_c,
          hangedman_lair_generics_rect, serial_bayou_shore_b, grunt_megastairs_4
Orc:1:    layout_diamond_mine, serial_shops, shop
Orc:2:    st_orc_elflike, layout_caves

Skill      XL: |  1  2  3  4  5  6  7  8  9 10 11 12 |
---------------+-------------------------------------+-----
Polearms       | 5 7 8 9 11 13 14 15 | 15.8
Fighting       | 3 4 5 7 8 10 | 10.0
Armour         | 3 4 5 |  5.2
Evocations     | 4 9 |  9.0
Dodging        | 8 10 11 | 11.5
Throwing       | |  2.0

Action                   |  1- 3 |  4- 6 |  7- 9 | 10-12 || total
-------------------------+-------+-------+-------+-------++-------
Melee: Trident           |    75 |   195 |   340 |       ||   610
       Halberd           |       |       |   158 |   269 ||   427
       Spear             |       |       |       |   974 ||   974
Throw: Throwing net      |     2 |       |     4 |       ||     6
       Dart              |       |     1 |    37 |    20 ||    58
Invok: Lunge             |       |       |    12 |    60 ||    72
       Whirlwind         |       |       |       |   298 ||   298
       Serpent's Lash    |       |       |       |     4 ||     4
 Abil: Wall Jump         |       |       |       |     8 ||     8
Evoke: Wand              |       |       |     2 |       ||     2
  Use: Scroll            |     3 |       |    15 |    15 ||    33
       Potion            |       |     1 |     4 |    15 ||    20
 Stab: Sleeping          |     3 |     2 |     4 |       ||     9
       Distracted        |       |     1 |       |       ||     1
       Held in net/web   |       |       |     5 |       ||     5
Armor: Leather armour    |    14 |    25 |     4 |       ||    43
       Ring mail         |       |       |    71 |       ||    71
       Skin              |       |       |    86 |       ||    86
       Scale mail        |       |       |    46 |   195 ||   241
Dodge: Dodged            |    28 |   109 |   194 |   545 ||   876

Table legend: (Time is in decaauts)
 A = Elapsed time spent in this place.
 B = Non-inter-level travel time spent in this place.
 C = Inter-level travel time spent in this place.
 D = Time resting spent in this place.
 E = Time spent auto-exploring this place.
 F = Levels seen in this place.
 G = Mean time per level.
                   A        B        C        D        E       F      G
               +--------+--------+--------+--------+--------+-----+--------+
         Total |  17808 |  17173 |    635 |   4147 |   9885 |  16 | 1113.0 |
       Dungeon |  14911 |  14324 |    587 |   2896 |   8782 |  11 | 1355.5 |
        Temple |     83 |     67 |     16 |      0 |     67 |   1 |   83.0 |
          Lair |   1275 |   1275 |      0 |    519 |    512 |   1 | 1275.0 |
  Orcish Mines |   1379 |   1348 |     31 |    732 |    401 |   2 |  689.5 |
         Sewer |    158 |    158 |      0 |      0 |    121 |   1 |  158.0 |
               +--------+--------+--------+--------+--------+-----+--------+

Top non-repeatable levels by time:
     D:9: 3430 daAuts
    D:10: 2304 daAuts
     D:6: 1667 daAuts
     D:5: 1425 daAuts
  Lair:1: 1275 daAuts
     D:4: 1245 daAuts
     D:8: 1227 daAuts
     D:2: 912 daAuts
     D:1: 855 daAuts
     D:3: 840 daAuts
   Orc:1: 809 daAuts
     D:7: 783 daAuts
   Orc:2: 570 daAuts
    D:11: 218 daAuts
   Sewer: 158 daAuts
